TOP OF THE 1ST |
Saskatoon Smokin' Guns batting - Pitching for Surrey Sinners : RHP Michael Chapman
|
Pitching: RHP Michael Chapman
|
|
Batting: LHB Andrew Veeck
|
0-0: Called Strike 0-1: Swinging Strike 0-2: Ball 1-2: Strikes out swinging
|
Batting: RHB Eric Neal
|
0-0: Swinging Strike 0-1: Ball 1-1: Ball 2-1: Ball 3-1: Base on Balls
|
Batting: LHB Freddy Herrera
|
0-0: Ball 1-0: Ball 2-0: Ball 3-0: Called Strike 3-1: Foul Ball, location: 2F 3-2: SINGLE (Groundball, 5D) Eric Neal to second
|
Batting: LHB Del Kennedy
|
0-0: Called Strike 0-1: Swinging Strike 0-2: Strikes out looking
|
Batting: RHB António Yánez
|
0-0: Called Strike 0-1: Ball 1-1: Foul Ball, location: 2F 1-2: Ball 2-2: Strikes out swinging
|
Top of the 1st over - 0 run(s), 1 hit(s), 0 error(s), 2 left on base; Saskatoon 0 - Surrey 0 |
BOTTOM OF THE 1ST |
Surrey Sinners batting - Pitching for Saskatoon Smokin' Guns : RHP Arthur Benson
|
Pitching: RHP Arthur Benson
|
|
Batting: RHB Jesús Hernández
|
Error on foul ball, E2 0-1: Fly out, F7 (Flyball, 7LS)
|
Batting: RHB Carlos Rodríguez
|
0-0: Ball 1-0: Ball 2-0: Called Strike 2-1: Foul Ball, location: 2F 2-2: Ball 3-2: Foul Ball, location: 2F 3-2: Strikes out swinging
|
Batting: LHB Nick English
|
0-0: Swinging Strike 0-1: Foul Ball, location: 2F 0-2: Ball 1-2: Foul Ball, location: 2F 1-2: Strikes out looking
|
Bottom of the 1st over - 0 run(s), 0 hit(s), 1 error(s), 0 left on base; Saskatoon 0 - Surrey 0 |
TOP OF THE 2ND |
Saskatoon Smokin' Guns batting - Pitching for Surrey Sinners : RHP Michael Chapman
|
Batting: RHB Pedro Núńez
|
0-0: Called Strike 0-1: Ground out 1-3 (Groundball, 13)
|
Batting: RHB Kenny Thompson
|
0-0: Swinging Strike 0-1: Called Strike 0-2: Strikes out swinging
|
Batting: RHB Alvin Hampton
|
0-0: SINGLE (Groundball, 56D)
|
Batting: SHB Mario Gómez
|
0-0: Called Strike 0-1: Ball 1-1: Ball 2-1: Called Strike 2-2: Ball 3-2: Strikes out swinging
|
Top of the 2nd over - 0 run(s), 1 hit(s), 0 error(s), 1 left on base; Saskatoon 0 - Surrey 0 |
BOTTOM OF THE 2ND |
Surrey Sinners batting - Pitching for Saskatoon Smokin' Guns : RHP Arthur Benson
|
Batting: RHB César Osequedo
|
0-0: Called Strike 0-1: Ball 1-1: Ground out 4-3 (Groundball, 13)
|
Batting: SHB Lawrence Steward
|
0-0: Called Strike 0-1: Called Strike 0-2: Fly out, F9 (Flyball, 89M)
|
Batting: RHB Cooper Richard
|
0-0: Ball 1-0: Ball 2-0: Called Strike 2-1: Swinging Strike 2-2: Strikes out swinging
|
Bottom of the 2nd over - 0 run(s), 0 hit(s), 0 error(s), 0 left on base; Saskatoon 0 - Surrey 0 |
TOP OF THE 3RD |
Saskatoon Smokin' Guns batting - Pitching for Surrey Sinners : RHP Michael Chapman
|
Batting: LHB Andrew Veeck
|
0-0: Fly out, F7 (Flyball, 7LM)
|
Batting: RHB Eric Neal
|
0-0: Ball 1-0: Swinging Strike 1-1: Ball 2-1: Ball 3-1: Base on Balls
|
Batting: LHB Freddy Herrera
|
0-0: Called Strike Eric Neal steals 2nd base 0-1: Ball 1-1: Foul Ball, location: 2F 1-2: Ground out 4-3 (Groundball, 4M) Eric Neal to third
|
Batting: LHB Del Kennedy
|
0-0: Ball 1-0: Ball 2-0: Ball 3-0: Called Strike 3-1: Swinging Strike 3-2: Strikes out swinging
|
Top of the 3rd over - 0 run(s), 0 hit(s), 0 error(s), 1 left on base; Saskatoon 0 - Surrey 0 |
BOTTOM OF THE 3RD |
Surrey Sinners batting - Pitching for Saskatoon Smokin' Guns : RHP Arthur Benson
|
Batting: RHB Bill Little
|
0-0: Ball 1-0: Ball 2-0: Ball 3-0: Base on Balls
|
Batting: LHB Larry Howard
|
0-0: Fielders Choice at 2nd, 1-4 (Groundball, 25)
|
Batting: LHB Edmund Ross
|
0-0: Ball 1-0: Called Strike 1-1: DOUBLE (Line Drive, 78S) Larry Howard to third Runner from 3rd tries for Home, SAFE, throw made home
|
Batting: RHB Jesús Hernández
|
0-0: Ground out 6-3 (Groundball, 6) Edmund Ross to third
|
Batting: RHB Carlos Rodríguez
|
0-0: Foul Ball, location: 2F 0-1: Foul Ball, location: 2F 0-2: Ball 1-2: Strikes out swinging
|
Bottom of the 3rd over - 1 run(s), 1 hit(s), 0 error(s), 1 left on base; Saskatoon 0 - Surrey 1 |
TOP OF THE 4TH |
Saskatoon Smokin' Guns batting - Pitching for Surrey Sinners : RHP Michael Chapman
|
Batting: RHB António Yánez
|
0-0: Ball 1-0: Called Strike 1-1: Ball 2-1: Fly out, F9 (Flyball, 9D)
|
Batting: RHB Pedro Núńez
|
0-0: Ball 1-0: Ball 2-0: Swinging Strike 2-1: Foul Ball, location: 2F 2-2: Strikes out swinging
|
Batting: RHB Kenny Thompson
|
0-0: Ground out 5-3 (Groundball, 56)
|
Top of the 4th over - 0 run(s), 0 hit(s), 0 error(s), 0 left on base; Saskatoon 0 - Surrey 1 |
BOTTOM OF THE 4TH |
Surrey Sinners batting - Pitching for Saskatoon Smokin' Guns : LHP Macy Catron
|
Pitching: LHP Macy Catron
|
|
Batting: LHB Nick English
|
0-0: Foul Ball, location: 2F 0-1: Ball 1-1: Fly out, F9 (Line Drive, 9LM)
|
Batting: RHB César Osequedo
|
0-0: Ball 1-0: Foul Ball, location: 2F 1-1: Reached on error, E6 (Groundball, 6)
|
Batting: SHB Lawrence Steward
|
0-0: Ball 1-0: Ball 2-0: Ball 3-0: Swinging Strike 3-1: Foul Ball, location: 2F 3-2: Strikes out looking
|
Batting: RHB Cooper Richard
|
0-0: Ball 1-0: Called Strike 1-1: Ball 2-1: Ground out 4-3 (Groundball, 4)
|
Bottom of the 4th over - 0 run(s), 0 hit(s), 1 error(s), 1 left on base; Saskatoon 0 - Surrey 1 |
TOP OF THE 5TH |
Saskatoon Smokin' Guns batting - Pitching for Surrey Sinners : RHP Michael Chapman
|
Batting: RHB Alvin Hampton
|
0-0: Foul Ball, location: 2F 0-1: Called Strike 0-2: Fly out, F9 (Flyball, 9LM)
|
Batting: SHB Mario Gómez
|
0-0: Called Strike 0-1: Ground out 1-3 (Groundball, 34S)
|
Batting: LHB Andrew Veeck
|
0-0: Ball 1-0: Called Strike 1-1: Foul Ball, location: 2F 1-2: Ball 2-2: SINGLE (Groundball, 6MD)
|
Batting: RHB Eric Neal
|
0-0: Ball Andrew Veeck is caught stealing 2nd base
|
Top of the 5th over - 0 run(s), 1 hit(s), 0 error(s), 0 left on base; Saskatoon 0 - Surrey 1 |
BOTTOM OF THE 5TH |
Surrey Sinners batting - Pitching for Saskatoon Smokin' Guns : LHP Macy Catron
|
Batting: RHB Bill Little
|
0-0: Called Strike 0-1: SINGLE (Groundball, 56)
|
Batting: LHB Larry Howard
|
0-0: Swinging Strike 0-1: Fly out, F8 (Flyball, 8RS)
|
Batting: LHB Edmund Ross
|
0-0: Ball 1-0: Called Strike 1-1: DOUBLE (Flyball, 8RD) Bill Little to third
|
Batting: RHB Jesús Hernández
|
0-0: Ball 1-0: SINGLE (Groundball, 34D) Bill Little scores Edmund Ross to third Runner from 3rd tries for Home, SAFE, no throw or cutoff
|
Batting: RHB Carlos Rodríguez
|
0-0: Foul Ball, location: 2F 0-1: Ball 1-1: Ball Jesús Hernández steals 2nd base 2-1: Ball 3-1: Base on Balls
|
Batting: LHB Nick English
|
0-0: Ball 1-0: Ball 2-0: Ball 3-0: Base on Balls Jesús Hernández to third Carlos Rodríguez to second
|
Batting: RHB César Osequedo
|
0-0: Ground out 4-3 (Groundball, 4S) Jesús Hernández scores Carlos Rodríguez to third Nick English to second
|
Batting: SHB Lawrence Steward
|
0-0: Called Strike 0-1: Foul Ball, location: 2F 0-2: Ball 1-2: Ball 2-2: Strikes out swinging
|
Bottom of the 5th over - 3 run(s), 3 hit(s), 0 error(s), 2 left on base; Saskatoon 0 - Surrey 4 |
TOP OF THE 6TH |
Saskatoon Smokin' Guns batting - Pitching for Surrey Sinners : RHP Michael Chapman
|
Batting: RHB Eric Neal
|
0-0: Called Strike 0-1: Called Strike 0-2: Strikes out swinging
|
Batting: LHB Freddy Herrera
|
0-0: Ball 1-0: Ball 2-0: Ball 3-0: Swinging Strike 3-1: Base on Balls
|
Batting: LHB Del Kennedy
|
0-0: Called Strike 0-1: Ball 1-1: Foul Ball, location: 2F 1-2: Foul Ball, location: 2F 1-2: Ball 2-2: Fielders Choice at 2nd, 4-6 (Groundball, 4)
|
Pitching: LHP Luis Perea
|
|
Batting: RHB António Yánez
|
0-0: Ball Del Kennedy is caught stealing 2nd base
|
Top of the 6th over - 0 run(s), 0 hit(s), 0 error(s), 0 left on base; Saskatoon 0 - Surrey 4 |
BOTTOM OF THE 6TH |
Surrey Sinners batting - Pitching for Saskatoon Smokin' Guns : LHP Macy Catron
|
Pitching: LHP Manuel Gil
|
|
Batting: RHB Cooper Richard
|
0-0: Called Strike 0-1: Ball 1-1: Ball 2-1: Ball 3-1: Base on Balls
|
Batting: RHB Bill Little
|
0-0: Called Strike 0-1: Ball 1-1: Ball 2-1: Foul Ball, location: 2F 2-2: Strikes out looking
|
Batting: LHB Larry Howard
|
0-0: Swinging Strike 0-1: Ball 1-1: Called Strike 1-2: Ball 2-2: Ball Cooper Richard steals 2nd base 3-2: Intentional Walk
|
Batting: LHB Edmund Ross
|
0-0: Ball 1-0: Swinging Strike 1-1: Foul Ball, location: 2F 1-2: DOUBLE (Line Drive, 78M) Cooper Richard scores Larry Howard to third Runner from 3rd tries for Home, SAFE, no throw or cutoff
|
Batting: RHB Jesús Hernández
|
0-0: Ball Edmund Ross is caught stealing 3rd base 1-0: Foul Ball, location: 2F 1-1: Swinging Strike 1-2: Strikes out looking
|
Bottom of the 6th over - 2 run(s), 1 hit(s), 0 error(s), 0 left on base; Saskatoon 0 - Surrey 6 |
TOP OF THE 7TH |
Saskatoon Smokin' Guns batting - Pitching for Surrey Sinners : LHP Luis Perea
|
Batting: RHB António Yánez
|
0-0: Ball 1-0: Ball 2-0: Ball 3-0: Called Strike 3-1: Base on Balls
|
Batting: RHB Pedro Núńez
|
0-0: Ball 1-0: SINGLE (Line Drive, 6M) António Yánez to second
|
Batting: RHB Kenny Thompson
|
0-0: Ball 1-0: Ball Wild Pitch! António Yánez to third Pedro Núńez to second 2-0: SINGLE (Line Drive, 4D) António Yánez scores Pedro Núńez to third
|
Batting: RHB Alvin Hampton
|
0-0: Called Strike 0-1: Called Strike 0-2: Ball 1-2: Ball 2-2: Foul Ball, location: 2F 2-2: Ball 3-2: Foul Ball, location: 2F 3-2: Foul Ball, location: 2F 3-2: Strikes out swinging
|
Batting: SHB Mario Gómez
|
0-0: Fly out, F4 (Line Drive, 4M)
|
Batting: LHB Andrew Veeck
|
0-0: Fly out, F8 (Flyball, 8LD)
|
Top of the 7th over - 1 run(s), 2 hit(s), 0 error(s), 2 left on base; Saskatoon 1 - Surrey 6 |
BOTTOM OF THE 7TH |
Surrey Sinners batting - Pitching for Saskatoon Smokin' Guns : LHP Manuel Gil
|
Batting: RHB Carlos Rodríguez
|
0-0: Called Strike 0-1: Called Strike 0-2: Reached on error, E5 (Groundball, 5S)
|
Batting: LHB Nick English
|
0-0: Called Strike 0-1: Foul Ball, location: 2F 0-2: Ball 1-2: Foul Ball, location: 2F 1-2: Strikes out swinging
|
Batting: RHB César Osequedo
|
0-0: Called Strike 0-1: Ball 1-1: Ball 2-1: Swinging Strike 2-2: Foul Ball, location: 2F 2-2: Ball 3-2: Fly out, F7 (Flyball, 7M) 3-2: Fly out, F7 (Flyball, 7M)
|
Batting: SHB Lawrence Steward
|
0-0: Ball 1-0: Called Strike 1-1: Called Strike 1-2: Strikes out swinging
|
Bottom of the 7th over - 0 run(s), 0 hit(s), 1 error(s), 1 left on base; Saskatoon 1 - Surrey 6 |
TOP OF THE 8TH |
Saskatoon Smokin' Guns batting - Pitching for Surrey Sinners : LHP Luis Perea
|
Now at 2B: Jesús Gonzáles
|
|
Now in CF: Martin Short
|
|
Batting: RHB Eric Neal
|
0-0: Ball 1-0: Foul Ball, location: 2F 1-1: Swinging Strike 1-2: Fly out, F7 (Line Drive, 78S)
|
Batting: LHB Freddy Herrera
|
0-0: Foul Ball, location: 2F 0-1: Ball 1-1: Foul Ball, location: 2F 1-2: SINGLE (Groundball, 6M)
|
Batting: LHB Del Kennedy
|
0-0: Ground out 2-3 (Groundball, 23) Freddy Herrera to second
|
Batting: RHB António Yánez
|
0-0: Ball 1-0: Ball 2-0: Foul Ball, location: 2F 2-1: Ball 3-1: Base on Balls
|
Batting: RHB Pedro Núńez
|
0-0: Foul Ball, location: 2F 0-1: Ground out 2-3 (Groundball, 2R)
|
Top of the 8th over - 0 run(s), 1 hit(s), 0 error(s), 2 left on base; Saskatoon 1 - Surrey 6 |
BOTTOM OF THE 8TH |
Surrey Sinners batting - Pitching for Saskatoon Smokin' Guns : LHP Manuel Gil
|
Pitching: LHP Manny Aguilar
|
|
Batting: RHB Cooper Richard
|
0-0: Ball 1-0: Foul Ball, location: 2F 1-1: Foul Ball, location: 2F 1-2: Ball 2-2: Strikes out swinging
|
Batting: RHB Bill Little
|
0-0: Called Strike 0-1: Ball 1-1: Foul Ball, location: 2F 1-2: Foul Ball, location: 2F 1-2: Strikes out swinging
|
Batting: LHB Larry Howard
|
0-0: Ground out 4-3 (Groundball, 4)
|
Bottom of the 8th over - 0 run(s), 0 hit(s), 0 error(s), 0 left on base; Saskatoon 1 - Surrey 6 |
TOP OF THE 9TH |
Saskatoon Smokin' Guns batting - Pitching for Surrey Sinners : LHP Luis Perea
|
Now in LF: Steve Bender
|
|
Batting: RHB Kenny Thompson
|
0-0: Ball 1-0: Swinging Strike 1-1: Swinging Strike 1-2: Strikes out swinging
|
Batting: RHB Alvin Hampton
|
0-0: Ball 1-0: Foul Ball, location: 2F 1-1: Swinging Strike 1-2: Strikes out swinging
|
Batting: SHB Mario Gómez
|
0-0: Ball 1-0: Ball 2-0: Foul Ball, location: 2F 2-1: Ball 3-1: Base on Balls
|
Batting: LHB Andrew Veeck
|
0-0: Ball 1-0: Swinging Strike 1-1: SINGLE (Groundball, 6MD) Mario Gómez to second Runner from 2nd tries for 3rd, SAFE, throw made to third
|
Batting: RHB Eric Neal
|
0-0: Called Strike 0-1: Ball 1-1: Ball 2-1: Ball 3-1: Base on Balls Andrew Veeck to second
|
Pitching: RHP Jesse Jones
|
|
Batting: LHB Freddy Herrera
|
0-0: Fly out, F7 (Flyball, 7S)
|
Top of the 9th over - 0 run(s), 1 hit(s), 0 error(s), 3 left on base; Saskatoon 1 - Surrey 6 |
|